Unix NetHack Version 5.0.0-0 post-release - last build Jun 10 2026 00:39:30 (3ee93aec679c4c4259841fe613dc97188e26a321,branch:main).

Game began 2026-06-26 17:31:38, ended 2026-06-26 17:58:24.

Ch3Begorrah, chaotic male human Rogue

          ----------                                    ---------------
          |........|                                   #..............|
          |........|                                   #|.............|
         #-........|                               #####|.............|
         #|........|                               #    --.------------
         #|.%......|                               #      ###
         #|........|                               #        #
         #-----.----             -----             #        ###
         #     #                 |...|      -------#          #
         #     #                 |...|     #-..(..|#          #
         #     ####            ##....|  ####|.....|#          #####
         #        #            # |....###   |.....|#              #
         #        ##           # |.>.|      -------##             #
 --------#         ####       ## --|--      ########       ----+--.-
 |**+/?.|#           #        #    ##########              |.......|
 |!%%[@@-#     ------.------  #                            |.......|
 |[?]%m.|      |...........-###                            |.......|
 --------      |...........|                               |.....<.|
               -------------                               ---------

Ch3Begorrah the Footpad  St:13 Dx:18 Co:16 In:10 Wi:11 Ch:8  Chaotic
Dlvl:6  $:79 HP:0(17) Pw:5(5) AC:4  Xp:2 T:2090 

Latest messages:
 You swap places with your little dog.
 That door is closed.
 The door opens.
 You see here a pancake.
 P - a pancake.
 You see here a chest.
 What do you want to use or apply? [efL or ?*] e
 In what direction? .
 There is a chest here; lock it? [ynq] (q) y
 You succeed in locking the chest.
 What do you want to use or apply? [efL or ?*] e
 In what direction? .
 There is a locked chest here; pick its lock? [ynq] (q) y
 You succeed in picking the lock.
 Q - a dusty spellbook.
 l - 2 potions of healing (7 in total).
 $ - 10 gold pieces (79 in total).
 That door is closed.
 That door is closed.
 The door opens.
 You hear someone cursing shoplifters.
 The newt just misses!
 You miss the newt.
 You hit the newt.
 You kill the newt!
 R - an iron wand.
 What do you want to write with? [- bgkoGHLR or ?*] -
 You write in the dust with your fingertip.
 What do you want to write in the dust here? ELbe
 What do you want to write with? [- bgkoGHLR or ?*] ?
 The engraving on the ground vanishes!
 You write in the dust with an iron wand.
 What do you want to write in the dust here? reth
 What do you want to call? [hikn-psvDF-HKLOQR or ?*] R
 Call an iron wand: CIT
 You see here a pancake.
 You find a hidden door.
 The door resists!
 The door resists!
 The door opens.
 "Hello, Ch3Begorrah!  Welcome to Abitibi's general store!"
 That strange object is a giant mimic!
 What do you want to write with? [- bgkoGHLR or ?*] -
 You write in the dust with your fingertip.
 What do you want to write in the dust here? Elbereth
 The giant mimic hits!
 The giant mimic hits again!
 You die...
 Abitibi gratefully inherits all your possessions.
 Do you want to see what you had when you died? [ynq] (y) q

Inventory:
 Coins    ('$')
  $ - 79 gold pieces
 Weapons  (')')
  b - a +0 dagger (weapon in right hand)
  g - 8 +0 daggers (at the ready)
 Armor    ('[')
  O - an uncursed +0 helmet (being worn)
  D - an uncursed +0 pair of leather gloves (being worn)
  K - an uncursed +0 pair of low boots (being worn)
  c - an uncursed +1 leather armor (being worn)
 Comestibles  ('%')
  P - an uncursed pancake
 Scrolls  ('?')
  v - an uncursed scroll of confuse monster named ok
  h - an uncursed scroll of create monster
  n - an uncursed scroll of food detection named ok
  i - 3 uncursed scrolls of identify named ok
 Spellbooks  ('+')
  Q - an uncursed spellbook of create monster
 Potions  ('!')
  p - an uncursed potion of extra healing
  s - an uncursed potion of gain ability
  l - 7 uncursed potions of healing
  m - a cursed potion of healing named cursed
  d - an uncursed potion of sickness
  F - a potion of unholy water
 Rings    ('=')
  o - a cursed ring of polymorph named cursed
 Wands    ('/')
  R - a wand of make invisible (0:6)
  L - a wand of polymorph (0:3)
 Tools    ('(')
  f - an empty uncursed sack
  e - an uncursed lock pick
 Gems/Stones  ('*')
  k - 3 uncursed worthless pieces of blue glass
  G - an uncursed worthless piece of green glass
  H - an uncursed worthless piece of red glass

Ch3Begorrah the Rogue's attributes:

Background:
 You were a Footpad, a level 2 male human Rogue.
 You were chaotic, nominally on a mission for Kos
 who was opposed by Issek (lawful) and Mog (neutral).
 You were right-handed.
 You were in the Dungeons of Doom, on level 6.
 You entered the dungeon 2090 turns ago.
 You had 35 experience points, 5 more were needed to attain level 3.

Basics:
 You had 0 out of 17 hit points.
 You had all 5 energy points (spell power).
 Your armor class was 4.
 Your wallet contained 79 zorkmids.
 Autopickup was on for '$!/(' plus thrown, with exceptions.

Final Characteristics:
 Your strength was 13 (limit:18/100).
 Your dexterity was 18 (limit:18).
 Your constitution was 16 (limit:18).
 Your intelligence was 10 (limit:18).
 Your wisdom was 11 (limit:18).
 Your charisma was 8 (limit:18).

Final Status:
 You were held by a giant mimic (southwest).
 You weren't hungry.
 You were unencumbered.
 You were wielding a dagger.
 You had basic skill with dagger.

Final Attributes:
 You were piously aligned.
 You were stealthy.
 You were warded.
 You are dead.

Miscellaneous:
 You encountered 1 bones level.
 Total elapsed playing time was 26 minutes and 46 seconds.

Major events:
 Turn
    1: Ch3Begorrah the chaotic male human Rogue entered the dungeon
  791: entered the Gnomish Mines
 2090: killed by a giant mimic

You didn't know any spells.

Skills:
 Fighting Skills
   bare handed combat [Unskilled]
   two weapon combat  [Unskilled]
   riding             [Unskilled]
 Weapon Skills
   dagger             [Basic]
   knife              [Unskilled]
   short sword        [Basic]
   broadsword         [Unskilled]
   long sword         [Unskilled]
   two-handed sword   [Unskilled]
   saber              [Unskilled]
   club               [Unskilled]
   mace               [Unskilled]
   morning star       [Unskilled]
   flail              [Unskilled]
   hammer             [Unskilled]
   polearms           [Unskilled]
   spear              [Unskilled]
   crossbow           [Unskilled]
   dart               [Unskilled]
   shuriken           [Unskilled]
 Spellcasting Skills
   divination spells  [Unskilled]
   escape spells      [Unskilled]
   matter spells      [Unskilled]

Voluntary challenges:
 Character rerolling was not enabled.
 You followed a strict vegan diet.
 You were an atheist.
 You never genocided any monsters.
 You never polymorphed an object.
 You never changed form.
 You used no wishes.
Achievements:
 You entered the Gnomish Mines.
 You entered a shop.

 The Dungeons of Doom: levels 1 to 7
    Level 1:
       An altar.
    Level 2:
    Level 3:
       An armor shop, a fountain, a sink.
       Stairs down to The Gnomish Mines.
    Level 4:
       An altar to Kos.
    Level 5:
       A fountain.
    Level 6: <- You were here.
       A general store.
       Final resting place for
          you, killed by a giant mimic.
    Level 7:
 The Gnomish Mines:
    Level 4:
       A grave.
       Final resting place for
          Souljazz-Wiz-Elf-Mal-Cha, killed by a gnome, while fainted from lack of food.


Vanquished creatures:
  2 manes
  a giant rat
  a yellow mold
  3 geckos
  5 jackals
  a fox
  a kobold
  a goblin
  a grid bug
  2 lichens
  a kobold zombie
  5 newts
24 creatures vanquished.

No species were genocided or became extinct.

Game over:
                       ----------
                      /          \
                     /    REST    \
                    /      IN      \
                   /     PEACE      \
                  /                  \
                  |   Ch3Begorrah    |
                  |      79 Au       |
                  |   killed by a    |
                  |   giant mimic    |
                  |                  |
                  |                  |
                  |       2026       |
                 *|     *  *  *      | *
        _________)/\\_//(\/(/\)/\//\/|_)_______

Goodbye Ch3Begorrah the Rogue...

You died in The Dungeons of Doom on dungeon level 6 with 522 points,
and 79 pieces of gold, after 2090 moves.
You were level 2 with a maximum of 17 hit points when you died.

